 Dungeon Crawl Stone Soup version 0.31-a0-1183-gd88bbb8b4d (webtiles) character file.

Game seed: 6983424873245849974

98 qw the Shooter (level 4, -9/28 HPs)
             Began as a Gargoyle Hunter on Dec 11, 2023.
             Mangled by a gnoll
             ... wielding a +0 halberd
              (10 damage)
             ... on level 3 of the Dungeon.
             The game lasted 00:00:40 (1117 turns).

qw the Shooter (Gargoyle Hunter)                    Turns: 1117, Time: 00:00:41

Health: -9/28      AC:  6    Str: 15    XL:     4   Next: 69%
Magic:  0/4        EV: 11    Int:  9    God:
Gold:   102        SH:  0    Dex: 15    Spells: 3/3 levels left

rFire   + . .        a - +0 shortbow
rCold   x . .        (shield currently unavailable)
rNeg    + . .        c - +0 leather armour
rPois   inf          (no helmet)
rElec   +            (no cloak)
rCorr   +            (no gloves)
SInv    +            (no boots)
Will    .....        f - amulet of guardian spirit
Stlth   ++           g - ring "Lohipt" {Fire Will- rCorr SInv}
HPRegen 0.24/turn    (no ring)
MPRegen 0.09/turn

%: guardian spirit
@: on berserk cooldown, slowed, very slow
A: sickness immunity, AC +3, negative energy resistance 1, electricity
resistance, torment resistance 1, petrification resistance
a: no special abilities


You were on level 3 of the Dungeon.
You visited 1 branch of the dungeon, and saw 3 of its levels.

You collected 102 gold pieces.


Innate Abilities, Weirdness & Mutations

You are immune to sickness and miasma.
Your stone body is resilient. (AC +3)
You are immune to poison.
You resist negative energy. (rN+)
You are resistant to electric shocks. (rElec)
You are resistant to unholy torment.
You are immune to petrification.


   Skills:
 - Level 3.0 Fighting
 + Level 5.6 Ranged Weapons
 - Level 1.5 Dodging
 - Level 1.1 Stealth


You had 3 spell levels left.
You didn't know any spells.
Your spell library was empty.

Inventory:

Hand Weapons
 a - a +0 shortbow (weapon)
Armour
 c - a +0 leather armour (worn)
Jewellery
 f - an amulet of guardian spirit (around neck)
 g - the ring "Lohipt" (left hand) {Fire Will- rCorr SInv}
   (You found it on level 2 of the Dungeon)

   [ring of fire]

   Fire:      It enhances your fire magic.
   rF+:       It protects you from fire.
   rC-:       It makes you vulnerable to cold.
   Will-:     It decreases your willpower.
   SInv:      It lets you see invisible.
   rCorr:     It protects you from acid and corrosion.
Potions
 i - a potion of haste

Dungeon Overview and Level Annotations

Branches:
Dungeon (3/15)

Altars:


Message History

You feel much better. The kobold hits you but does no damage.
The gnoll hits you but does no damage. The kobold barely misses you.
1107 ||| Stepping ~*~*~tactically~*~*~ (retreating).
The kobold throws a stone.
The stone hits you.
The gnoll hits you from afar with a +0 spear.
You shoot an arrow. The arrow closely misses the gnoll.
The arrow hits the gnoll.
You kill the gnoll!
The gnoll hits you from afar with a +0 spear.
The kobold hits you but does no damage. The gnoll hits you but does no damage.
1109 ||| Stepping ~*~*~tactically~*~*~ (retreating).
The kobold throws a stone.
The stone closely misses you.
You shoot an arrow. The arrow hits the kobold!
You kill the kobold!
The gnoll hits you from afar with a +0 spear.
You shoot an arrow. The arrow closely misses the gnoll.
The gnoll hits you from afar with a +0 spear.
The gnoll closely misses you.
You shoot an arrow. The arrow hits the gnoll.
The gnoll is severely wounded.
The gnoll hits you but does no damage.
You shoot an arrow. The arrow hits the gnoll.
You kill the gnoll!
The gnoll hits you from afar with a +0 halberd!
You shoot an arrow. The arrow closely misses the gnoll.
The gnoll hits you but does no damage.
The gnoll hits you from afar with a +0 halberd.
You shoot an arrow.
The arrow hits the gnoll but does no damage.
The gnoll closely misses you.
You shoot an arrow. The arrow hits the gnoll.
The gnoll is lightly wounded.
The gnoll closely misses you.
The gnoll hits you from afar with a +0 halberd.
You shoot an arrow.
The arrow hits the gnoll but does no damage.
The gnoll is lightly wounded.
The gnoll hits you from afar with a +0 halberd!
You die...

#..# #.<#
#..#######
#...g..g..
####)######..
#............
#....##g########
#.## ##.## #@..#
#..#.#.#
#.##.##.# #..
#.# #.# ... #..
.# ###. ### # #


You could see a gnoll.

Vanquished Creatures
  2 gnolls (D:3)
  3 adders (D:2)
  A dart slug (D:1)
  An endoplasm (D:1)
  4 giant cockroaches
  4 goblins (D:1)
  A hobgoblin (D:1)
  7 jackals
  3 quokkas (D:1)
  4 ball pythons
  5 bats
  2 frilled lizards (D:1)
  4 kobolds
  7 rats
48 creatures vanquished.

Notes
Turn   | Place    | Note
-------+----------+-------------------------------------------
     0 | D:1      | qw the Gargoyle Hunter began the quest for the Orb.
     0 | D:1      | Reached XP level 1. HP: 12/12 MP: 1/1
     0 | D:1      | 0 ||| qw: Version: 0.3-a-106-g2cfff9e
     0 | D:1      | 0 ||| qw: Game counter: 2100
     0 | D:1      | 0 ||| qw: Melee chars always use a shield: true
     0 | D:1      | 0 ||| qw: God list: Okawaru
     0 | D:1      | 0 ||| qw: Allow faded altars: false
     0 | D:1      | 0 ||| qw: Do Orc after clearing Dungeon:15 true
     0 | D:1      | 0 ||| qw: Do second Lair branch before Depths: true
     0 | D:1      | 0 ||| qw: Lair rune preference: random
     0 | D:1      | 0 ||| qw: Goals: Normal, Save, Zot:1-4, Win
     0 | D:1      | 0 ||| PLANNING D:1-11
   142 | D:1      | Reached XP level 2. HP: 13/17 MP: 2/2
   370 | D:1      | 370 ||| RETREEAATING.
   386 | D:1      | Reached XP level 3. HP: 16/21 MP: 3/3
   393 | D:1      | Reached skill level 5 in Ranged Weapons
   621 | D:1      | 621 ||| UPGRADING to amulet of guardian spirit.
   626 | D:1      | 626 ||| READING 2 scrolls labelled ESOENEWAKE.
   629 | D:1      | 629 ||| READING scroll labelled LIH JOOTRABEU.
   630 | D:1      | 630 ||| READING scroll labelled JAESAA DUNKU.
   631 | D:1      | 631 ||| READING scroll labelled RYUTIE XIJUO.
   631 | D:1      | 631 ||| IDENTIFYING murky orange potion
   632 | D:1      | 632 ||| DROPPING scroll of butterflies.
   722 | D:2      | Reached skill level 3 in Fighting
   727 | D:2      | Reached XP level 4. HP: 28/28 MP: 4/4
   784 | D:2      | Identified the ring "Lohipt" {Fire Will- rCorr SInv}
  1018 | D:2      | 1018 ||| UPGRADING to ring "Lohipt" {Fire Will- rCorr
                  | SInv}.
  1019 | D:2      | 1019 ||| READING scroll of identify.
  1019 | D:2      | 1019 ||| IDENTIFYING puce potion
  1020 | D:2      | 1020 ||| DROPPING potion of magic.
  1090 | D:3      | 1090 ||| Stepping ~*~*~tactically~*~*~ (retreating).
  1091 | D:3      | 1091 ||| Stepping ~*~*~tactically~*~*~ (retreating).
  1092 | D:3      | 1092 ||| Stepping ~*~*~tactically~*~*~ (retreating).
  1097 | D:3      | 1097 ||| Stepping ~*~*~tactically~*~*~ (retreating).
  1097 | D:3      | HP: 7/28 [gnoll/+0 spear (3)]
  1098 | D:3      | 1098 ||| READING scroll of teleportation.
  1099 | D:3      | 1099 ||| DRINKING bubbling inky potion.
  1100 | D:3      | 1100 ||| DRINKING amethyst potion.
  1101 | D:3      | 1101 ||| DRINKING sedimented red potion.
  1102 | D:3      | HP: 7/42 [gnoll/+0 spear (2)]
  1106 | D:3      | 1106 ||| DRINKING sapphire potion.
  1107 | D:3      | 1107 ||| Stepping ~*~*~tactically~*~*~ (retreating).
  1109 | D:3      | 1109 ||| Stepping ~*~*~tactically~*~*~ (retreating).
  1113 | D:3      | HP: 7/28 [gnoll/+0 halberd (10)]
  1116 | D:3      | HP: 1/28 [gnoll/+0 halberd (4)]
  1117 | D:3      | Mangled by a gnoll

Levels and vault maps discovered:
D:1:      sevenhm_arrival_forest_fort_small_5, layout_basic, minivault_19
D:2:      layout_rooms, minmay_close_crescents
D:3:      layout_loops_ring, mainiacjoe_overflow_brackets,
          nicolae_overflow_ecumenical_swirl, serial_shops,
          nicolae_shop_mannequins, minmay_puff

Skill      XL: |  1  2  3 |
---------------+----------+-----
Ranged Weapons | 5 |  5.6
Fighting       | 3 |  3.0
Dodging        | |  1.5
Stealth        | |  1.1

Action                     |  1- 3 |  4- 6 || total
---------------------------+-------+-------++-------
   Fire: Shortbow          |   117 |    42 ||   159
    Use: Scroll            |     4 |     2 ||     6
         Potion            |       |     4 ||     4
 Armour: Leather armour    |    29 |    39 ||    68
  Dodge: Dodged            |    40 |    22 ||    62

Table legend:
 A = Non-vault XP
 B = Vault XP
 C = Vault XP percentage of total XP
 D = Non-vault monster count
 E = Vault monster count
 F = Vault count percentage of total count
                 A         B        C        D         E       F
            +---------+---------+-------+---------+---------+-------
      Total |     134 |       6 |   4.3 |      44 |       4 |   8.3
            +---------+---------+-------+---------+---------+-------
        D:1 |      52 |       0 |   0.0 |      31 |       0 |   0.0
        D:2 |      50 |       6 |  10.7 |       9 |       4 |  30.8
        D:3 |      32 |       0 |   0.0 |       4 |       0 |   0.0
            +---------+---------+-------+---------+---------+-------
